 Dungeon Sprint DCSS version 0.27.1-3-gb3d3a73c9e (webtiles) character file.

Game seed: 13286963990571030240

2440 raph the Grappler (level 9, -1/150 HPs)
             Began as a Troll Berserker on Oct 9, 2021.
             Was a High Priest of Trog.
             Slain by a polar bear (5 damage)
             ... in the Dungeon (Sprint II: "The Violet Keep of Menkaure").
             The game lasted 00:05:16 (702 turns).

raph the Grappler (Troll Berserker)                  Turns: 702, Time: 00:05:16

Health: -1/150     AC:  6    Str: 27    XL:     9   Next: 25%
Magic:  8/8        EV: 15    Int:  3    God:    Trog [*****.]
Gold:   4          SH:  0    Dex: 18    Spells: 8/8 levels left

rFire    . . .     SeeInvis .     - Unarmed
rCold    . . .     Faith    .   (no shield)
rNeg     + . .     Spirit   .   i - +2 robe {rN+}
rPois    .         Reflect  .   (helmet restricted)
rElec    .         Harm     .   (no cloak)
rCorr    +         Rampage  .   (gloves unavailable)
Will     .....     NoTele   +   (boots unavailable)
Stlth    ..........             (no amulet)
HPRegen  1.35/turn              h - ring "Ugriplu" {+Blink rCorr Dex+6}
MPRegen  0.11/turn              (no ring)

@: berserking, very quick
A: large, unfitting armour, claws 3, regeneration 1, shaggy fur 1, tough skin 1
a: Renounce Religion, Evoke Blink, Berserk, Trog's Hand, Brothers in Arms


You were in the Dungeon.
You worshipped Trog.
Trog was extremely pleased with you.
You visited 1 branch You collected 972 gold pieces.
You spent 968 gold pieces at shops.

Inventory:

Armour
 a - a +1 animal skin
 i - a +2 robe of positive energy (worn)
Jewellery
 h - the ring "Ugriplu" (left claw) {+Blink rCorr Dex+6}
   (You bought it in a shop in the Dungeon)

   [ring of dexterity]

   Dex:       It affects your dexterity (+6).
   +Blink:    It lets you blink.
   rCorr:     It protects you from acid and corrosion.
Potions
 b - a potion of curing
 c - 2 potions of heal wounds
 d - a potion of haste
 e - 2 potions of magic
 f - a potion of berserk rage
 j - a potion of might


   Skills:
 + Level 9.4 Fighting
 + Level 9.4 Dodging
 * Level 14.7 Unarmed Combat


You had 8 spell levels left.
You didn't know any spells.
Your spell library was empty.

Dungeon Overview and Level Annotations

Branches:
Dungeon (1/1)

Altars:
Cheibriados
Dithmenos
Elyvilon
Fedhas
Gozag
Kikubaaqudgha
Makhleb
Nemelex Xobeh
Okawaru
Trog
Uskayaw
Vehumet
Zin
Lugonu

Shops:
D =?:?!!!=:[(=([:

Annotations:
D exclusion: oklob plant


Innate Abilities, Weirdness & Mutations

You are too large for most types of armour.
You have claws for hands.
Your natural rate of healing is unusually fast.
You are covered in fur. (AC +1)
You have tough skin. (AC +1)


Message History

The polar bear goes berserk!
The polar bear bites you!
The polar bear claws you but does no damage.
The polar bear completely misses you. The polar bear bites you.
The polar bear claws you. x2
The polar bear bites you. The polar bear barely misses you.
The polar bear claws you. The polar bear closely misses you.
The polar bear claws you but does no damage. x2
The polar bear bites you!!
The polar bear claws you but does no damage.
The polar bear barely misses you. The polar bear bites you.
The polar bear barely misses you.
The polar bear claws you but does no damage.
The polar bear bites you!
* * * LOW HITPOINT WARNING * * *
The polar bear claws you.
* * * LOW HITPOINT WARNING * * *
The polar bear claws you but does no damage.
The yaktaur is engulfed in a cloud of scalding steam.
You open the door. The polar bear bites you!!
* * * LOW HITPOINT WARNING * * *
The polar bear closely misses you. x2; The polar bear completely misses you.
The polar bear claws you.
* * * LOW HITPOINT WARNING * * *
The polar bear claws you but does no damage.
The yaktaur is engulfed in a cloud of scalding steam.
Blink to where?
Press: ? - help, Dir - move target
As you read the scroll of blinking, it crumbles to dust.
There is an open door here.
The polar bear rages.
As you close the door, it creaks loudly!
You start resting.
You hear an angry growl. x5
A yaktaur opens the door.
A red film seems to cover your vision as you go berserk!
You feel yourself moving faster!
You feel mighty! The polar bear bites you!!
* * * LOW HITPOINT WARNING * * *
The polar bear completely misses you. The polar bear claws you.
You die...

#########≈≈≈.........#
........#≈≈≈≈.##'##..#
....⌠...#≈≈≈≈##...## ##
...∩.∩..#≈≈≈≈#..#..# .#
..∩.∩.∩.#≈≈####.#.####..##
.∩...∩.∩#≈##.###'###.##..#
∩.∩...∩.#≈#...##.##...#..# .#
.∩.....∩'≈'.##'.<.'###'..### .##
∩.......#≈###.##@##...#....###..y
▓▓▓▓▓▓###≈##.###h###.##......≈≈≈≈
={D######≈≈####.#c####§≈...§.≈#+#
?.{#F$ ##≈≈≈#..#h.#≈≈≈§≈≈≈§§≈#..
∩P$+[.#+ #'#≈###.###≈≈c≈≈≈≈≈.≈#..
!(.#(##. #.#≈≈##h##h≈≈≈≈≈§≈≈§≈#..
(?$###≈§ ####≈≈≈≈≈≈h≈≈≈≈≈§§§≈≈#..
#+###.≈§ #'°°#+++#§§§§≈≈≈≈≈#._
#≈°°○≈°≈##≈≈§###≈≈#_.


You could see 2 polar bears and a yaktaur.

Vanquished Creatures
  2 boulder beetles (D)
  A blink frog (D)
  Menkaure (D)
  4 necrophages (D)
  4 scorpions (D)
  4 lava snakes (D)
  3 worms (D)
19 creatures vanquished.

Vanquished Creatures (others)
  A water moccasin (D)
1 creature vanquished.

Grand Total: 20 creatures vanquished

Notes
Turn   | Place    | Note
-------+----------+-------------------------------------------
     0 | D        | raph the Troll Berserker began the quest for the Orb.
     0 | D        | Reached XP level 1. HP: 22/22 MP: 0/0
     1 | D        | Noticed a necrophage
     1 | D        | Noticed a necrophage
     1 | D        | Noticed a necrophage
     1 | D        | Noticed a necrophage
     6 | D        | Killed a necrophage
     7 | D        | Reached skill level 6 in Unarmed Combat
     7 | D        | Reached XP level 2. HP: 32/32 MP: 1/1
     7 | D        | Reached XP level 3. HP: 39/39 MP: 2/2
     7 | D        | Reached XP level 4. HP: 48/48 MP: 3/3
    10 | D        | Killed a necrophage
    11 | D        | Reached skill level 5 in Fighting
    11 | D        | Reached skill level 5 in Dodging
    11 | D        | Reached skill level 8 in Unarmed Combat
    11 | D        | Reached XP level 5. HP: 57/57 MP: 4/4
    13 | D        | Killed a necrophage
    13 | D        | Reached ** piety under Trog
    14 | D        | Reached skill level 9 in Unarmed Combat
    16 | D        | Killed a necrophage
    17 | D        | Reached XP level 6. HP: 67/67 MP: 5/5
    59 | D        | Killed a water moccasin
   160 | D        | Noticed an obsidian statue
   162 | D        | Noticed Menkaure
   163 | D        | Killed Menkaure
   164 | D        | Reached skill level 10 in Unarmed Combat
   164 | D        | Found Viuroxze's Antique Armour Shoppe.
   164 | D        | Found Kaniasch's Book Emporium.
   165 | D        | Found Feowizy's Jewellery Emporium.
   165 | D        | Found Zeit's Weapon Shoppe.
   166 | D        | Found Orob's Antique Armour Shoppe.
   166 | D        | Found Funynisy's Antique Weapon Emporium.
   167 | D        | Found Ackem's Book Shoppe.
   168 | D        | Found Giak's Jewellery Emporium.
   169 | D        | Found Ahir's Distillery.
   169 | D        | Found Orcheunk's Distillery.
   172 | D        | Found Lixteuf's Distillery.
   172 | D        | Found Kushor's Magic Scroll Emporium.
   172 | D        | Noticed an oklob plant
   173 | D        | Found Qoanul's Magic Scroll Shoppe.
   173 | D        | Found Moipamn's Jewellery Emporium.
   173 | D        | Found Cepputhra's Book Shoppe.
   174 | D        | Noticed an ice dragon
   182 | D        | Noticed a cane toad
   183 | D        | Noticed a cane toad
   200 | D        | Reached *** piety under Trog
   224 | D        | Reached XP level 7. HP: 76/76 MP: 6/6
   226 | D        | Reached **** piety under Trog
   227 | D        | Reached skill level 11 in Unarmed Combat
   325 | D        | Noticed a boulder beetle
   325 | D        | Noticed a boulder beetle
   333 | D        | Killed a boulder beetle
   334 | D        | Reached skill level 13 in Unarmed Combat
   334 | D        | Reached XP level 8. HP: 89/89 MP: 7/7
   372 | D        | Killed a boulder beetle
   373 | D        | Reached skill level 14 in Unarmed Combat
   373 | D        | Reached XP level 9. HP: 94/98 MP: 8/8
   441 | D        | Bought the ring "Ugriplu" {+Blink rCorr Dex+6} for 781 gold
                  | pieces
   450 | D        | Bought an embroidered robe for 70 gold pieces
   463 | D        | Bought a potion of heal wounds for 65 gold pieces
   467 | D        | Bought a potion of might for 52 gold pieces
   487 | D        | Reached ***** piety under Trog
   673 | D        | Found an opulent altar of Gozag.
   674 | D        | Found a blossoming altar of Fedhas.
   674 | D        | Found a sparkling altar of Nemelex Xobeh.
   674 | D        | Found an iron altar of Okawaru.
   675 | D        | Found a white marble altar of Elyvilon.
   675 | D        | Found a burning altar of Makhleb.
   675 | D        | Found a radiant altar of Vehumet.
   676 | D        | Found a shadowy altar of Dithmenos.
   676 | D        | Found a corrupted altar of Lugonu.
   676 | D        | Found a hide-covered altar of Uskayaw.
   676 | D        | Noticed a polar bear
   676 | D        | Noticed a polar bear
   677 | D        | Found an ancient bone altar of Kikubaaqudgha.
   677 | D        | Found a snail-covered altar of Cheibriados.
   677 | D        | Found a bloodstained altar of Trog.
   677 | D        | Found a glowing silver altar of Zin.
   677 | D        | Noticed a polar bear
   677 | D        | Noticed a yaktaur
   689 | D        | HP: 3/100 [polar bear (4)]
   702 | D        | HP: 4/150 [polar bear (25)]
   702 | D        | Slain by a polar bear

Illustrated notes

Levels and vault maps discovered:
D:        the_violet_keep_of_menkaure [sprint2_stairs_cluster_1,
          sprint2_shoproom, sprint2_temple, sprint2_basic_supplies,
          sprint2_obstacle_5, sprint2_obstacle_1, sprint2_obstacle_3,
          sprint2_obstacle_6, sprint2_obstacle_2, sprint2_timed_cluster_1,
          sprint2_smallroom_cluster_1, sprint2_smallroom_final_cluster_1,
          sprint2_transparent_cluster_1, sprint2_second_timed_cluster_1,
          sprint2_sniper_area_1, sprint2_heavy_combat_area_1,
          sprint2_mutation_trap_area_1, sprint2_forest_area_1,
          sprint2_light_combat_area_1, sprint2_behind_water_1,
          sprint2_near_end_vault_1]

Skill      XL: |  1  2  3  4  5  6  7  8 |
---------------+-------------------------+-----
Fighting       | 4 5 6 8 9 |  9.4
Dodging        | 4 5 6 8 9 |  9.4
Unarmed Combat | 6 8 9 10 13 14 | 14.7

Action                   |  1- 3 |  4- 6 |  7- 9 || total
-------------------------+-------+-------+-------++-------
Melee: Unarmed           |     4 |    14 |    25 ||    43
       Punch             |       |     2 |     5 ||     7
Invok: Berserk           |     1 |     1 |     4 ||     6
       Trog's Hand       |       |       |     1 ||     1
  Use: Scroll            |       |       |     2 ||     2
Armor: Animal skin       |     1 |     1 |     1 ||     3
       Robe              |       |       |     7 ||     7
Dodge: Dodged            |       |     5 |    25 ||    30
